AoeStats
← Huesofeo

Arena

510206261Analyzed
3v3 RM · 2d ago on Sep 29, 2026· 22m 41s· 6 players
Game mode
Random Map
Map size
Normal (6 player)
Population
200
Speed
Normal
Resources
Standard
Victory
Conquest
Starting age
Dark Age
Ending age
Imperial Age
RankedLock teamsTeams togetherTeam positionsShared explorationLock speedFull tech treeHidden civsTurbo modeCheats
Victory
Defeat
🇵🇪 Cumans · Peru
1103
+15
🇨🇴 Spanish · Colombia
979
+20
🇨🇴 Romans · Colombia
971
+20
🇨🇴 Hindustanis · Colombia
1129
-21
🇬🇧 Romans · United Kingdom
1049
-18
🇨🇴 Byzantines · Colombia
1008
-16
Alex
11:16 Feudal Age
15:34 Castle Age
14:16 Double-Bit Axe
14:46 Horse Collar
17:12 Man-at-Arms
18:11 Scale Mail Armor
18:08 Long Swordsman
22:21 Squires
22:53 Chain Mail Armor
DCB
9:23 Feudal Age
10:57 Loom
14:22 Castle Age
12:46 Horse Collar
briantorresr25
0:30 Loom
11:37 Feudal Age
16:39 Castle Age
Huesofeo
10:11 Feudal Age
15:29 Castle Age
14:19 Double-Bit Axe
16:55 Loom
19:51 Fletching
EminenceShadow
6:53 Loom
9:59 Feudal Age
10:43 Double-Bit Axe
19:17 Wheelbarrow
18:31 Horse Collar
lachanda420
3:51 Loom
9:57 Feudal Age
10:10 Man-at-Arms
12:20 Scale Mail Armor
Connection lost

Rejoining the realm…

Still unreachable

The connection could not be restored.

Session expired

The server has moved on; the page needs a fresh start.